 Dungeon Crawl Stone Soup version 0.27-a0-1565-gad902ab807 (webtiles) character file.

Game seed: 9279498496392916526

665 Swapper the Chopper (level 7, -1/61 HPs)
             Began as a Minotaur Berserker on July 16, 2021.
             Was a Priest of Trog.
             Slain by an orc warrior (8 damage)
             ... on level 4 of the Dungeon.
             The game lasted 00:20:04 (4616 turns).

Swapper the Chopper (Minotaur Berserker)            Turns: 4616, Time: 00:20:04

Health: -1/61      AC:  9    Str: 23    XL:     7   Next: 31%
Magic:  6/6        EV:  9    Int:  4    God:    Trog [***...]
Gold:   221        SH:  0    Dex: 10    Spells: 6/6 levels left

rFire    + . .     SeeInvis .   p - +0 war axe
rCold    . . .     Faith    .   (no shield)
rNeg     . . .     Spirit   .   a - +0 chain mail
rPois    .         Reflect  .   (helmet restricted)
rElec    .         Harm     .   (no cloak)
rCorr    +         Rampage  .   (no gloves)
Will     .....                  (no boots)
Stlth    ..........             (no amulet)
HPRegen  0.20/turn              l - ring of protection from fire
MPRegen  0.10/turn              n - ring of resist corrosion

@: very slow
A: horns 2, retaliatory headbutt
a: Renounce Religion, Berserk, Trog's Hand


You were on level 4 of the Dungeon.
You worshipped Trog.
Trog was most pleased with you.
You visited 1 branch of the dungeon, and saw 5 of its levels.

You collected 221 gold pieces.

Inventory:

Hand Weapons
 p - a +0 war axe (weapon)
Missiles
 f - 114 stones (quivered)
 j - 3 curare-tipped darts
Armour
 a - a +0 chain mail (worn)
Jewellery
 b - a ring of positive energy
 l - a ring of protection from fire (left hand)
 n - a ring of resist corrosion (right hand)
 r - a ring of fire
Scrolls
 d - 4 scrolls of identify
 e - 2 scrolls of enchant armour
 g - a scroll of immolation {unknown}
 h - a scroll of blinking {unknown}
 i - a scroll of fear {unknown}
 k - a scroll of teleportation {unknown}
 m - a scroll of torment {unknown}
 o - a scroll of silence {unknown}
 u - a scroll of amnesia {unknown}
Potions
 c - 2 potions of curing
 q - a potion of lignification {unknown}
 s - a potion of heal wounds {unknown}
 t - a potion of brilliance {unknown}


   Skills:
 + Level 5.6 Fighting
 * Level 7.0 Axes
 + Level 4.8 Armour
 + Level 4.4 Dodging


You had 6 spell levels left.
You didn't know any spells.
Your spell library was empty.

Dungeon Overview and Level Annotations

Branches:
Dungeon (5/15)             Temple (0/1) D:5

Altars:
Uskayaw

Shops:
D:4 *


Innate Abilities, Weirdness & Mutations

You have a pair of horns on your head.
You reflexively headbutt those who attack you in melee.


Message History

The bullfrog zombie is moderately damaged.
The bullfrog zombie hits you but does no damage.
The bullfrog zombie misses you.
You slash the bullfrog zombie!
Your headbutt misses the bullfrog zombie.
The bullfrog zombie is severely damaged.
The bullfrog zombie barely misses you.
You slash the bullfrog zombie!
You destroy the bullfrog zombie!
Trog accepts your kill.
You hit the orc warrior but do no damage.
The orc warrior hits you with a +2 vorpal hand axe.
You barely miss the orc warrior.
You headbutt the orc warrior, but do no damage.
You recover from your berserk rage.
An orc wizard comes into view. It is wielding a +0 dagger.
The orc warrior hits you with a +2 vorpal hand axe!
The orc wizard moves out of view.
You hit the orc warrior.
The orc warrior is lightly wounded.
The orc warrior hits you with a +2 vorpal hand axe! x2
An orc comes into view.
It is wielding a +2 short sword of draining.
The orc wizard shouts!
You hear a shout!
The orc wizard casts a spell.
The orc wizard flickers and vanishes!
Deactivating autopickup; reactivate with Ctrl-A.
There is a stone staircase leading up here.
The orc wizard shouts!
The orc warrior hits you with a +2 vorpal hand axe!
You climb upwards.
Reactivating autopickup.
There is a stone staircase leading down here.
You enter the shallow water.
Moving in this stuff is going to be slow.
You enter the shallow water.
Moving in this stuff is going to be slow.
The orc warrior hits you with a +2 vorpal hand axe!
* * * LOW HITPOINT WARNING * * *
x2 The orc warrior hits you with a +2 vorpal hand axe!
You die...

#######..#....#≈≈# #.#
...# #..##...#≈≈###.#
##.#####.......≈≈.##.#
....(..........≈≈≈≈#.#
..........#.....≈..≈.#
....#####.#...≈≈≈≈≈..#
....# #.#....≈≈....#
....# #......o≈≈≈..#
....# ##.....≈@≈≈..#
##### #....≈.≈≈≈...#
#....≈≈≈≈≈.≈.#
#..>.≈.≈≈....#
#.#..≈≈≈≈≈.≈.#
######.#....≈≈.≈..#
#....#.#..#.≈≈....#
#.##.#.#..#.≈≈...##
#.#....#.##.≈≈..##


You could see an orc warrior.

Vanquished Creatures
  An ice beast (D:3)
  An ogre (D:5)
  The ghost of Leeroy the Slasher, an amateur DsGl (D:3)
  A scorpion (D:5)
  A water moccasin skeleton (D:4)
  A bullfrog zombie (D:5)
  An orc priest (D:3)
  A hound (D:5)
  A bullfrog skeleton (D:3)
  An iguana (D:5)
  A hound skeleton (D:4)
  An adder (D:4)
  2 adder skeletons
  2 worms
  6 dart slugs
  4 orcs
  5 ball pythons
  2 endoplasms (D:3)
  5 giant cockroaches
  13 goblins
  11 hobgoblins
  11 jackals
  3 kobolds
  6 quokkas
  7 bats
  3 frilled lizards
  8 rats
100 creatures vanquished.

Notes
Turn   | Place    | Note
-------+----------+-------------------------------------------
     0 | D:1      | Swapper the Minotaur Berserker began the quest for the Orb.
     0 | D:1      | Reached XP level 1. HP: 19/19 MP: 0/0
    81 | D:1      | Reached XP level 2. HP: 27/27 MP: 1/1
    90 | D:1      | Reached skill level 4 in Axes
   322 | D:1      | Reached ** piety under Trog
   432 | D:1      | Reached XP level 3. HP: 17/33 MP: 2/2
   853 | D:1      | Found a faded altar of an unknown god.
   911 | D:1      | You fall into a shaft and drop 1 floor!
  1558 | D:2      | Found a hide-covered altar of Uskayaw.
  1672 | D:2      | Reached XP level 4. HP: 39/40 MP: 3/3
  2089 | D:2      | Found a hide-covered altar of Uskayaw.
  2833 | D:3      | Reached skill level 5 in Axes
  2833 | D:3      | Found a runed translucent door.
  2836 | D:3      | Noticed Leeroy's ghost (amateur DsGl)
  2845 | D:3      | Killed Leeroy's ghost
  2846 | D:3      | Reached XP level 5. HP: 47/47 MP: 4/4
  3428 | D:3      | Reached *** piety under Trog
  3731 | D:4      | Noticed an ice beast
  3753 | D:3      | Killed an ice beast
  3754 | D:3      | Reached skill level 5 in Fighting
  3754 | D:3      | Reached skill level 6 in Axes
  3754 | D:3      | Reached XP level 6. HP: 56/56 MP: 5/5
  3854 | D:4      | Found Eceawke's Assorted Antiques.
  4405 | D:5      | Entered Level 5 of the Dungeon
  4467 | D:5      | Reached XP level 7. HP: 60/61 MP: 6/6
  4544 | D:5      | Found a staircase to the Ecumenical Temple.
  4561 | D:5      | Reached skill level 7 in Axes
  4616 | D:4      | Slain by an orc warrior

Illustrated notes

Levels and vault maps discovered:
D:1:      dpeg_arrival_subterranean_lakeside_camping, layout_basic,
          chequers_ecumenical_altar_simple
D:2:      layout_rooms, basic_altar, chequers_big_river, kennysheep_boxes
D:3:      layout_loops_ring, ebering_ghost_reflecting_pool
D:4:      layout_basic, serial_shops, nicolae_shop_crystal,
          chequers_serial_rivers_small_3, corexii_checkpoint_a
D:5:      layout_loops_cross, temple_doors_cd, uniq_crazy_yiuf_cottage

Skill      XL: |  1  2  3  4  5  6  7 |
---------------+----------------------+-----
Axes           | 4 5 6 7 |  7.0
Fighting       | 4 5 |  5.6
Armour         | 3 4 |  4.8
Dodging        | 3 4 |  4.4

Action                   |  1- 3 |  4- 6 |  7- 9 || total
-------------------------+-------+-------+-------++-------
Melee: Hand axe          |    98 |    34 |       ||   132
       Headbutt          |    19 |    20 |     3 ||    42
       War axe           |       |    62 |    11 ||    73
Throw: Stone             |       |    13 |       ||    13
Invok: Berserk           |       |     3 |     1 ||     4
  Use: Scroll            |       |     2 |       ||     2
Armor: Animal skin       |    13 |       |       ||    13
       Scale mail        |       |    14 |       ||    14
       Chain mail        |       |    22 |     1 ||    23
Dodge: Dodged            |    74 |    49 |     3 ||   126

Table legend: (Time is in decaauts)
 A = Elapsed time spent in this place.
 B = Non-inter-level travel time spent in this place.
 C = Inter-level travel time spent in this place.
 D = Time resting spent in this place.
 E = Time spent auto-exploring this place.
 F = Levels seen in this place.
 G = Mean time per level.
                   A        B        C        D        E       F      G
               +--------+--------+--------+--------+--------+-----+--------+
         Total |   4720 |   4549 |    171 |    362 |   2989 |   5 |  944.0 |
       Dungeon |   4720 |   4549 |    171 |    362 |   2989 |   5 |  944.0 |
               +--------+--------+--------+--------+--------+-----+--------+

Top non-repeatable levels by time:
     D:2: 1495 daAuts
     D:1: 1283 daAuts
     D:3: 1089 daAuts
     D:4: 636 daAuts
     D:5: 216 daAuts
